 Dungeon Crawl Stone Soup version 0.23.2-30-g0e89c35649 (webtiles) character file.

Game seed: 17661513554129565924

164 dvd the Firebug (level 5, -1/32 HPs)
             Began as an Octopode Fire Elementalist on June 25, 2019.
             Slain by Grinder (9 damage)
             ... on level 3 of the Dungeon.
             The game lasted 00:07:03 (3401 turns).

dvd the Firebug (Octopode Fire Elementalist)        Turns: 3401, Time: 00:07:05

Health: -1/32      AC:  1    Str:  7    XL:     5   Next: 45%
Magic:  3/9        EV: 14    Int: 18    God:
Gold:   64         SH:  0    Dex: 13    Spells: 4/10 levels left

rFire    . . .     SeeInvis .   i - +0 hand axe
rCold    . . .     Gourm    .   (no shield)
rNeg     . . .     Faith    .   (helmet restricted)
rPois    .         Spirit   .   (no amulet)
rElec    .         Reflect  .   (no ring)
rCorr    .         Harm     .   (no ring)
MR       .....                  (no ring)
Stlth    +++.......             (no ring)
HPRegen  0.10/turn              (no ring)
MPRegen  0.11/turn              (no ring)
                                (no ring)
                                (no ring)

@: no status effects
A: almost no armour, stealthy swim, amphibious, 8 rings, constrict 8, camouflage
1, gelatinous body 1
a: no special abilities


You were on level 3 of the Dungeon.
You were not hungry.

You visited 1 branch of the dungeon, and saw 3 of its levels.

You collected 64 gold pieces.

Inventory:

Hand Weapons
 e - a +0 whip
 i - a +0 hand axe (weapon)
 m - a +0 rapier
 r - a +1 dagger of flaming
Wands
 p - a wand of flame (18)
Scrolls
 a - 3 scrolls of identify {unknown}
 c - 2 scrolls of enchant armour {unknown}
 f - 2 scrolls of magic mapping {unknown}
 g - a scroll of enchant weapon {unknown}
 k - a scroll of immolation {unknown}
 l - 2 scrolls of teleportation {unknown}
 o - a scroll of noise {unknown}
Potions
 d - 2 potions of curing
 h - a potion of might {unknown}
 j - a potion of brilliance {unknown}
 q - a potion of lignification {unknown}
Comestibles
 b - 3 rations


   Skills:
 + Level 0.5 Fighting
 + Level 0.8 Axes
 + Level 2.7 Dodging
 + Level 3.4 Stealth
 + Level 3.1 Spellcasting
 + Level 1.9 Conjurations
 + Level 3.9 Fire Magic


You had 4 spell levels left.
You knew the following spells:

 Your Spells              Type           Power        Failure   Level  Hunger
a - Flame Tongue          Conj/Fire      ##...        4%          1    None
b - Throw Flame           Conj/Fire      ##....       8%          2    ##.....
c - Dazzling Spray        Conj/Hex       #.....       32%         3    ###....

Your spell library contained the following spells:

 Spells                   Type           Power        Failure   Level  Hunger
 Conjure Flame            Conj/Fire      ##......     14%         3    ###....
 Corona                   Hex            #......      16%         1    None
 Inner Flame              Hex/Fire       ##......     22%         3    ###....
 Ensorcelled Hibernation  Hex/Ice        #.....       24%         2    ##.....
 Confuse                  Hex            #.......     43%         3    ###....
 Tukima's Dance           Hex            #.......     43%         3    ###....
 Sticky Flame             Conj/Fire      ##......     43%         4    ####...
 Fireball                 Conj/Fire      ##........   80%         5    ######.


Dungeon Overview and Level Annotations

Branches:
Dungeon (3/15)

Altars:

Annotations:
D:3 Grinder, Robin


Innate Abilities, Weirdness & Mutations

You cannot wear most types of armour.
You are very stealthy in the water. (Stealth+)
You are amphibious.
You can wear up to eight rings at the same time.
You can use your tentacles to constrict eight enemies at once.
Your skin changes colour to match your surroundings (Stealth+).
Your rubbery body absorbs attacks. (AC +1, EV +1)


Message History

Confirm with . or Enter, or press ? or * to list all spells.
Aiming: Flame Tongue (safe; 4% risk of failure)
Press: ? - help, Shift-Dir - straight line, f/p - Grinder
Aim: Grinder (almost dead)
The flame tongue hits Grinder.
Grinder is almost dead.
Grinder gestures at you. Pain shoots through your body!
* * * LOW HITPOINT WARNING * * *
Robin laughs in a distinctly smug fashion.
A goblin comes into view. It is wielding a +0 club.
All of the chunks of flesh in your inventory have rotted away.
The goblin shouts!
You hit Grinder but do no damage. You grab Grinder.
Your squeeze misses Grinder.
Grinder is almost dead.
You barely miss Robin. You constrict Grinder.
You hear a shout! x3
Grinder hits you!
You die...

##.P≈P≈P≈P######.
##P≈≈♣≈P≈≈P.......
#..≈≈♣♣♣♣P≈P#.....
#.#P≈♣♣ ♣≈≈P.....# # ##.
#≈PP♣♣♣♣≈≈≈......
##.#.###÷≈÷≈P♣♣≈≈†).....
#......(..PP÷≈≈≈..#.....
#..#...()##..≈P≈####.#..
.....#5@.#.####P# ###..
.gg...g)..# ### #..
#.#####...... #..
....##### #.. .##.. #..
. ###. ...... . . ......
. ....... #####..


You could see Grinder, Robin, a hobgoblin and a goblin.

Vanquished Creatures
  An orc priest (D:2)
  4 adders
  An ooze (D:3)
  2 worms (D:2)
  3 dart slugs
  3 leopard geckos
  5 orcs (D:3)
  7 bats
  3 giant cockroaches
  11 goblins
  2 hobgoblins
  11 jackals
  6 kobolds
  3 ball pythons
  4 frilled lizards
  8 rats
74 creatures vanquished.

Notes
Turn   | Place    | Note
-------+----------+-------------------------------------------
     0 | D:1      | dvd the Octopode Fire Elementalist began the quest for the
                  | Orb.
     0 | D:1      | Reached XP level 1. HP: 11/11 MP: 3/3
   130 | D:1      | Reached XP level 2. HP: 17/17 MP: 3/5
   643 | D:1      | Learned a level 2 spell: Throw Flame
   950 | D:1      | Reached XP level 3. HP: 21/21 MP: 4/6
  1667 | D:2      | Reached XP level 4. HP: 20/27 MP: 2/7
  1979 | D:2      | Learned a level 3 spell: Dazzling Spray
  2387 | D:2      | Found a faded altar of an unknown god.
  2706 | D:3      | Reached XP level 5. HP: 30/32 MP: 5/9
  3159 | D:3      | Noticed Grinder
  3377 | D:3      | Paralysed by Grinder for 4 turns
  3384 | D:3      | Paralysed by Grinder for 7 turns
  3390 | D:3      | HP: 1/32 [rat (1)]
  3393 | D:3      | Paralysed by Grinder for 4 turns
  3393 | D:3      | Noticed Robin
  3401 | D:3      | Slain by Grinder

Skill      XL: |  1  2  3  4  5 |
---------------+----------------+-----
Stealth        | 3 |  3.4
Spellcasting   | 3 |  3.1
Fighting       | |  0.5
Axes           | |  0.8
Dodging        | |  2.7
Conjurations   | |  1.9
Fire Magic     | |  3.9

Action                   |  1- 3 |  4- 6 || total
-------------------------+-------+-------++-------
Melee: Constrict         |     5 |    15 ||    20
       Tentacles         |     3 |     4 ||     7
       Unarmed           |     1 |       ||     1
       Whip              |     9 |       ||     9
       Hand axe          |     8 |    45 ||    53
 Cast: Flame Tongue      |    48 |    56 ||   104
       Throw Flame       |     3 |     5 ||     8
Evoke: Wand              |       |     1 ||     1
  Use: Potion            |       |     2 ||     2
 Stab: Sleeping          |       |     2 ||     2
  Eat: Chunk             |     3 |     6 ||     9
Armor: Skin              |     7 |     6 ||    13
Dodge: Dodged            |    19 |    44 ||    63
